 Dungeon Crawl Stone Soup version 0.29-a0-517-gbdf32494f2 (webtiles) character file.

Game seed: 2835033631313909440

9 purpskrrrp the Sneak (level 2, -22/26 HPs)
             Began as a Draconian Delver on May 30, 2022.
             Annihilated by an ogre
             ... wielding a +0 giant club
              (25 damage)
             ... on level 5 of the Dungeon.
             The game lasted 00:03:18 (196 turns).

purpskrrrp the Sneak (Draconian Delver)              Turns: 196, Time: 00:03:18

Health: -22/26     AC:  4    Str: 14    XL:     2   Next: 6%
Magic:  2/2        EV: 12    Int: 10    God:
Gold:   28         SH:  0    Dex: 12    Spells: 1/1 levels left

rFire   . . .      SeeInvis .   a - +0 mace
rCold   . . .      Faith    .   (no shield)
rNeg    . . .      Spirit   .   (body armour unavailable)
rPois   .          Reflect  .   (helmet restricted)
rElec   .          Harm     .   (no cloak)
rCorr   .          Rampage  .   (no gloves)
Will    .....                   (no boots)
Stlth   +++.......              (no amulet)
HPRegen 0.08/turn               (no ring)
MPRegen 0.08/turn               (no ring)

@: no status effects
A: AC +4, unfitting armour, cold-blooded
a: no special abilities


You were on level 5 of the Dungeon.
You visited 1 branch of the dungeon, and saw 1 of its levels.

You collected 28 gold pieces.

Inventory:

Hand Weapons
 a - a +0 mace (weapon)
Armour
 g - a +0 ring mail
 h - the +0 ring mail of Midsummer {rF- rN+ Will+ Dex+3}
   (You found it on level 5 of the Dungeon)

   Dex:       It affects your dexterity (+3).
   rF:        It makes you vulnerable to fire.
   rN:        It protects you from negative energy.
   Will:      It increases your willpower.
Wands
 f - a wand of digging (3)
Potions
 e - a potion of haste


   Skills:
 + Level 3.4 Fighting
 + Level 2.2 Maces & Flails
 + Level 2.0 Dodging
 + Level 4.6 Stealth


You had one spell level left.
You didn't know any spells.
Your spell library was empty.

Dungeon Overview and Level Annotations

Branches:
Dungeon (5/15)
 Temple: D:4-7

Altars:

Annotations:
D:5 2 transporters, happo123's ghost, novice KoEn


Innate Abilities, Weirdness & Mutations

Your plain brown scales are hard. (AC +4)
You cannot fit into any form of body armour.
You are cold-blooded and may be slowed by cold attacks.


Message History

The iguana is heavily wounded.
The iguana misses you. The orc hits you with a +0 club.
You barely miss the iguana.
You tail-slap the iguana, but do no damage.
The iguana is heavily wounded.
The iguana bites you but does no damage.
The orc hits you but does no damage.
You closely miss the iguana.
The iguana is heavily wounded.
The iguana bites you!
* * * LOW HITPOINT WARNING * * *
The orc barely misses you. The iguana barely misses you.
The orc closely misses you.
As you read the scroll of fear, it crumbles to dust.
You assume a fearsome visage.
The orc looks frightened!
The iguana looks frightened!
The orc gives up.
The ogre shouts!
Found a war axe.
The ogre attacks as you move away! The ogre misses you.
As you read the scroll of fog, it crumbles to dust.
The scroll dissolves into smoke.
You open the door. The ogre barely misses you.
There is an open door here.
The ogre attacks as you move away! The ogre hits you but does no damage.
The orc misses you. The orc completely misses you.
The orc throws a boomerang.
The boomerang misses you.
As you read the scroll of magic mapping, it crumbles to dust.
You feel aware of your surroundings.
You sensed 1 altar.
The ogre attacks as you move away! The ogre closely misses you.
The orc attacks as you move away! The orc barely misses you.
The orc attacks as you move away! The orc hits you with a +0 club.
* * * LOW HITPOINT WARNING * * *
The orc throws a boomerang.
The boomerang misses you.
The orc throws a boomerang.
The boomerang hits you.
* * * LOW HITPOINT WARNING * * *
The ogre hits you with a +0 giant club!!
Ouch! That really hurt!
You die...

,,,,,,,,,,*,* *,#....* #.#
*********,*,* *,#....* #.#
*,*,* #.#....###.# *,*,*
#....o.....# *,*,* *#####..##.#
*,*,* ########.##.# *******,*,*
#........##.##
*,,,,,,,#.########.............
*,******#.....@................
*,* ######.O.........###### *,*
#........#..#..... *,*
#....o...#..#...., *,*
#........#..#..#*# *,*
#........#..#..#8# ***+******
#........#..#(.... ,,,,,,,,,*
#..........©#..... ,,,,,,,,,*
######......#.$...


You could see an ogre and an orc.

Vanquished Creatures
  An adder (D:5)
1 creature vanquished.

Notes
Turn   | Place    | Note
-------+----------+-------------------------------------------
     0 | D:5      | purpskrrrp the Draconian Delver began the quest for the
                  | Orb.
     0 | D:5      | Reached XP level 1. HP: 19/19 MP: 1/1
    31 | D:5      | Found a transporter.
    59 | D:5      | Identified the +0 ring mail of Midsummer {rF- rN+ Will+
                  | Dex+3}
    76 | D:5      | Reached XP level 2. HP: 24/26 MP: 2/2
   104 | D:5      | Noticed a black bear
   112 | D:5      | Found a transporter.
   112 | D:5      | Noticed happo123's ghost (novice KoEn)
   112 | D:5      | Noticed a necrophage
   119 | D:5      | Noticed an ogre
   127 | D:5      | HP: 1/26 [iguana (8)]
   196 | D:5      | Annihilated by an ogre

Illustrated notes

Levels and vault maps discovered:
D:5:      layout_basic, marbit_many_paths, gammafunk_ghost_mausoleum

Skill      XL: |  1 |
---------------+----+-----
Dodging        | 2 |  2.0
Fighting       | |  3.4
Maces & Flails | |  2.2
Stealth        | |  4.6

Action                   || total
-------------------------++-------
Melee: Mace              ||    10
       Tailslap          ||     3
  Use: Scroll            ||     3
 Stab: Sleeping          ||     1
Armor: Skin              ||     4
Dodge: Dodged            ||    22

Table legend: (Time is in decaauts)
 A = Elapsed time spent in this place.
 B = Non-inter-level travel time spent in this place.
 C = Inter-level travel time spent in this place.
 D = Time resting spent in this place.
 E = Time spent auto-exploring this place.
 F = Levels seen in this place.
 G = Mean time per level.
                   A        B        C        D        E       F      G
               +--------+--------+--------+--------+--------+-----+--------+
         Total |    199 |    172 |     27 |      0 |     61 |   1 |  199.0 |
       Dungeon |    199 |    172 |     27 |      0 |     61 |   1 |  199.0 |
               +--------+--------+--------+--------+--------+-----+--------+

Top non-repeatable levels by time:
     D:5: 199 daAuts
